 Dungeon Crawl Stone Soup version 0.30.1-9-gdf580d7c3d (webtiles) character file.

Game seed: 832773953232053713

6181 ChiefBigBeans the Fighter (level 10, -1/107 HPs)
             Began as a Troll Berserker on Sept 28, 2023.
             Was a High Priest of Trog.
             Slain by a human
             ... wielding a +0 war axe
              (6 damage)
             ... in a bailey.
             The game lasted 00:15:11 (6328 turns).

ChiefBigBeans the Fighter (Troll Berserker)         Turns: 6328, Time: 00:15:12

Health: -1/107     AC: 12    Str: 30    XL:     10   Next: 60%
Magic:  0/9        EV: 16    Int:  2    God:    Trog [*****.]
Gold:   460        SH:  0    Dex: 13    Spells: 9/9 levels left

rFire   . . .        b - +5 giant spiked club
rCold   . . .        (shield currently unavailable)
rNeg    . . .        a - +1 animal skin
rPois   +            (helmet restricted)
rElec   .            C - +2 cloak {rPois}
rCorr   .            (gloves unavailable)
SInv    .            (boots unavailable)
Will    .....        e - amulet of guardian spirit
Stlth   +            i - +4 ring of protection
HPRegen 1.17/turn    s - +5 ring of evasion
MPRegen 0.11/turn

%: guardian spirit
@: mighty
A: large, unfitting armour, claws 3, regeneration 1, shaggy fur 1, tough skin 1,
agile 1, MP-powered wands
a: Renounce Religion, Berserk, Trog's Hand, Brothers in Arms


You were in a bailey.
You worshipped Trog.
Trog was extremely pleased with you.
You visited 1 branch of the dungeon, and saw 9 of its levels.
You also visited: Sewer and Bailey.

You collected 460 gold pieces.

Inventory:

Hand Weapons
 b - a +5 giant spiked club (weapon)
 p - the +7 staff of the Meek {protect, meekguard}
   (You found it on level 3 of the Dungeon)
Missiles
 d - 2 throwing nets (quivered)
Armour
 a - a +1 animal skin (worn)
 C - a +2 cloak of poison resistance (worn)
Jewellery
 e - an amulet of guardian spirit (around neck)
 i - a +4 ring of protection (left claw)
 s - a +5 ring of evasion (right claw)
Wands
 g - a wand of paralysis (11)
 l - a wand of digging (5)
 x - a wand of flame (45)
Scrolls
 f - 3 scrolls of identify
 k - a scroll of blinking {unknown}
 r - 5 scrolls of teleportation
 u - a scroll of fog
 A - 2 scrolls of fear
Potions
 c - a potion of might
 h - 6 potions of degeneration
 j - 5 potions of brilliance
 m - a potion of flight {unknown}
 o - 5 potions of curing
 t - a potion of cancellation


   Skills:
 - Level 9.0 Fighting
 + Level 8.8(9.5) Maces & Flails
 - Level 4.8(7.1) Staves
 + Level 4.9 Dodging
 - Level 3.0 Unarmed Combat


You had 9 spell levels left.
You didn't know any spells.
Your spell library was empty.

Dungeon Overview and Level Annotations

Branches:
Dungeon (9/15)             Temple (0/1) D:7           Sewer (visited)
 Bailey (1/1)
   Lair: D:8-11         Orc: D:9-12

Altars:
Okawaru
Vehumet
Zin

Shops:
D:8 :

Annotations:
Bailey Prince Ribbit


Innate Abilities, Weirdness & Mutations

You are too large for most types of armour.
You have claws for hands.
Your natural rate of healing is unusually fast.
You are covered in fur. (AC +1)
You have tough skin. (AC +1)
You are agile. (Dex +4, Str/Int -1)
You expend magic power (3 MP) to strengthen your wands.


Message History

The bullfrog closely misses you. The human misses you.
The bullfrog barely misses you.
Things that are here:
a +0 broad axe; a +0 plate armour You puncture the human!
The human is moderately wounded.
The human barely misses you. The human closely misses you.
The bullfrog closely misses you. The human hits you with a +0 war axe!
* * * LOW HITPOINT WARNING * * *
The bullfrog hits you but does no damage.
You impale the human!!
The human is almost dead.
The human hits you but does no damage.
The bullfrog hits you but does no damage.
Prince Ribbit hits you but does no damage.
The human misses you.
The bullfrog hits you but does no damage.
You barely miss the human.
The human is almost dead.
Prince Ribbit hits you but does no damage.
The bullfrog hits you but does no damage.
The human misses you.
The human hits you with a +0 heavy hand axe.
* * * LOW HITPOINT WARNING * * *
Prince Ribbit closely misses you.
The bullfrog hits you but does no damage.
You puncture Prince Ribbit!
Prince Ribbit is almost dead.
Prince Ribbit blinks!
The human misses you. The bullfrog barely misses you.
The human hits you with a +0 heavy hand axe.
* * * LOW HITPOINT WARNING * * *
Prince Ribbit blinks!
The human hits you with a +0 war axe!
* * * LOW HITPOINT WARNING * * *
The bullfrog barely misses you.
You barely miss the human.
The human is almost dead.
The bullfrog hits you.
* * * LOW HITPOINT WARNING * * *
The human hits you with a +0 war axe!
You die...

######)....# ~
#+#....)..∩..#
~~
#......##...##
~~~
#.......#####
..~≈#######...#
~..~≈≈≈#..##..#
.......#..#...#
.~~~~..'†.#p..#
~≈≈≈≈~~#.†@..##
≈####≈≈#..pF##
#########


You could see 2 humans and a bullfrog.

Vanquished Creatures
  A vault guard (Bailey)
  A steam dragon (D:9)
  2 wyverns
  3 humans (Bailey)
  Menkaure (D:7)
  3 water moccasins
  Pargi (Sewer)
  5 sky beasts
  5 black bears
  An orc warrior (D:6)
  4 ice beasts
  2 ogres
  3 centaurs
  A phantom (D:6)
  3 kobold brigands (D:7)
  11 bullfrogs
  A gnoll sergeant (D:8)
  6 scorpions
  5 wights (D:7)
  3 hounds
  3 jellies
  3 orc priests
  Crazy Yiuf (D:5)
  4 orc wizards
  2 sleepcaps (D:4)
  3 iguanas
  10 gnolls
  12 adders
  2 worms (D:2)
  2 dart slugs
  20 orcs
  11 bats
  3 endoplasms
  3 giant cockroaches
  11 goblins
  11 hobgoblins
  7 jackals
  30 kobolds
  4 quokkas
  10 ball pythons
  5 frilled lizards (D:1)
  4 rats
223 creatures vanquished.

Notes
Turn   | Place    | Note
-------+----------+-------------------------------------------
     0 | D:1      | ChiefBigBeans the Troll Berserker began the quest for the
                  | Orb.
     0 | D:1      | Reached XP level 1. HP: 22/22 MP: 0/0
    68 | D:1      | Reached XP level 2. HP: 28/29 MP: 1/1
    69 | D:1      | Reached skill level 3 in Fighting
   367 | D:1      | Reached ** piety under Trog
   435 | D:1      | Reached XP level 3. HP: 37/37 MP: 2/2
   694 | D:2      | Found a glowing silver altar of Zin.
   822 | D:2      | Reached skill level 1 in Maces & Flails
  1271 | D:3      | Identified the +4 leather armour of Weightlessness {Will+}
  1335 | D:4      | Reached XP level 4. HP: 48/48 MP: 3/3
  1342 | D:4      | Noticed a scorpion
  1601 | D:3      | Reached skill level 4 in Fighting
  1651 | D:3      | Reached *** piety under Trog
  1725 | D:3      | Reached XP level 5. HP: 49/54 MP: 4/4
  1734 | D:3      | Found the +7 staff of the Meek {protect, meekguard}
  2241 | D:4      | Reached skill level 1 in Staves
  2391 | D:4      | Reached XP level 6. HP: 60/63 MP: 5/5
  2401 | D:4      | Gained mutation: Your flesh is cold resistant. (rC+)
                  | [potion of mutation]
  2401 | D:4      | Lost mutation: Your flesh is cold resistant. (rC+) [potion
                  | of mutation]
  2401 | D:4      | Gained mutation: You are agile. (Dex +4, Str/Int -1)
                  | [potion of mutation]
  2401 | D:4      | Gained mutation: You expend magic power (3 MP) to
                  | strengthen your wands. [potion of mutation]
  2740 | D:4      | Noticed a wyvern
  2749 | D:4      | Killed a wyvern
  2750 | D:4      | Reached skill level 5 in Fighting
  2750 | D:4      | Reached XP level 7. HP: 56/72 MP: 6/6
  2792 | D:4      | Found the +11 Singing Sword {sonic wave}
  2880 | D:5      | Entered Level 5 of the Dungeon
  2900 | D:5      | Found a glowing drain.
  2920 | D:5      | Reached **** piety under Trog
  2933 | Sewer    | Entered a sewer
  3025 | Sewer    | Noticed Pargi
  3031 | Sewer    | Killed Pargi
  3176 | D:5      | Reached skill level 6 in Fighting
  3234 | D:5      | Reached XP level 8. HP: 83/83 MP: 7/7
  3914 | D:5      | Found a runed translucent door.
  3915 | D:5      | Noticed Crazy Yiuf
  3921 | D:5      | Killed Crazy Yiuf
  4231 | D:6      | Reached skill level 7 in Fighting
  4462 | D:6      | Found a radiant altar of Vehumet.
  4463 | D:6      | Found an iron altar of Okawaru.
  4477 | D:6      | Reached skill level 5 in Maces & Flails
  4477 | D:6      | Reached XP level 9. HP: 93/93 MP: 8/8
  4811 | D:7      | Reached skill level 8 in Fighting
  4896 | D:7      | Found a staircase to the Ecumenical Temple.
  4989 | D:7      | Reached ***** piety under Trog
  5030 | D:7      | Noticed Menkaure
  5037 | D:7      | Killed Menkaure
  5072 | D:7      | Reached skill level 9 in Fighting
  5190 | D:7      | Reached XP level 10. HP: 107/107 MP: 9/9
  5715 | D:8      | Found Ziallad's Book Boutique.
  5804 | D:8      | Received a gift from Trog
  6197 | D:9      | Found a flagged portal.
  6209 | Bailey   | Entered a bailey
  6297 | Bailey   | Noticed Prince Ribbit
  6301 | Bailey   | Noticed a vault guard
  6322 | Bailey   | Killed a vault guard
  6328 | Bailey   | HP: 5/107 [bullfrog (5)]
  6328 | Bailey   | Slain by a human

Illustrated notes

Levels and vault maps discovered:
D:1:      scummos_arrival_checkerplants, layout_basic
D:2:      minmay_door_path, layout_basic, basic_altar, due_unseen_surprise
D:3:      layout_basic, pf_guarded_unrand_meek
D:4:      old_forge, layout_cave_pools, hellmonk_no_cap
D:5:      nicolae_BIG_FREAKIN_CUBE, layout_basic, gup_sewer_entry_glass,
          uniq_crazy_yiuf_cottage
D:6:      layout_basic, chequers_temple_overflow_statue_of_worship
D:7:      layout_cave_pools, minmay_temple_entry_drinking_statues, serial_park,
          serial_park_square3 [serial_park_minivault_5x5_7], serial_park_square1
          [serial_park_minivault_5x5_6], serial_park_tiny_1, uniq_menkaure
D:8:      layout_basic, serial_shops, shop, nicolae_eternal_life
D:9:      layout_loops_ring, grunt_qazlal_sundering, orc_0_dummy, enter_bailey_7
Bailey:   bailey_axe_froggy_fort_hellmonk, bailey

Skill      XL: |  1  2  3  4  5  6  7  8  9 10 |
---------------+-------------------------------+-----
Fighting       | 3 4 5 6 7 9 |  9.0
Maces & Flails | 1 2 5 7 8 |  8.8
Staves         | 2 3 4 |  4.8
Dodging        | 4 |  4.9
Unarmed Combat | |  3.0

Action                     |  1- 3 |  4- 6 |  7- 9 | 10-12 || total
---------------------------+-------+-------+-------+-------++-------
  Melee: Unarmed           |   138 |    33 |       |       ||   171
         Punch             |     3 |     2 |       |       ||     5
         Quarterstaff      |       |    70 |   100 |       ||   170
         Giant spiked club |       |       |   146 |   129 ||   275
         Giant club        |       |       |     6 |       ||     6
    Use: Scroll            |     5 |     4 |     9 |     3 ||    21
         Potion            |     2 |     2 |     4 |     3 ||    11
   Stab: Sleeping          |       |       |     2 |       ||     2
 Armour: Animal skin       |    64 |    66 |   272 |    92 ||   494
  Dodge: Dodged            |    76 |    78 |   455 |   176 ||   785
